 Dungeon Crawl Stone Soup version 0.22-a0-412-g2b68d14 (webtiles) character file.

178 dstrtnsr the Insei (level 5, -4/42 HPs)
             Began as a Merfolk Wanderer on May 12, 2018.
             Slain by a centaur (5 damage)
             ... on level 5 of the Dungeon.
             The game lasted 00:05:19 (541 turns).

dstrtnsr the Insei (Merfolk Wanderer)                Turns: 541, Time: 00:05:19

Health: -4/42      AC:  5    Str: 11    XL:     5   Next: 58%
Magic:  5/5        EV:  9    Int: 12    God:
Gold:   31         SH:  0    Dex: 15    Spells: 4/4 levels left

rFire    . . .     SeeInvis .   w - +0 hand crossbow
rCold    + . .     Gourm    .   (no shield)
rNeg     . . .     Faith    .   g - +0 ring mail
rPois    .         Spirit   .   (no helmet)
rElec    .         Reflect  .   (no cloak)
rCorr    .         Harm     .   (no gloves)
MR       .....                  (no boots)
Stlth    +.........             (no amulet)
HPRegen  0.14/turn              c - ring of protection from cold
MPRegen  0.09/turn              (no ring)

@: hasted, very quick
A: change form in water, swift swim, stealthy swim
a: no special abilities


You were on level 5 of the Dungeon.
You were not hungry.

You visited 1 branch of the dungeon, and saw 5 of its levels.

You collected 31 gold pieces.

Inventory:

Hand Weapons
 a - a +2 dagger
 w - a +0 hand crossbow (weapon)
Missiles
 e - 33 bolts (quivered)
Armour
 g - a +0 ring mail (worn)
Jewellery
 c - a ring of protection from cold (left hand)
Scrolls
 h - a scroll of enchant weapon {unknown}
 j - a scroll of fog {unknown}
 k - a scroll of identify {unknown}
 m - a scroll of amnesia {unknown}
 n - a scroll of magic mapping {unknown}
Potions
 f - a potion of might {unknown}
 i - a potion of curing {unknown}
 l - a potion of magic {unknown}
Comestibles
 d - 2 rations {!d}


   Skills:
 - Level 4.0 Fighting
 - Level 1.5 Crossbows
 - Level 1.0 Throwing
 - Level 1.3 Armour
 - Level 2.1 Stealth
 + Level 5.1 Unarmed Combat


You had 4 spell levels left.
You didn't know any spells.
Your spell library was empty.

Dungeon Overview and Level Annotations

Branches:
Dungeon (5/15)
 Temple: D:4-7

Altars:


Message History

You are too injured to fight recklessly!
You are too injured to fight recklessly!
You are too injured to fight recklessly!
You are too injured to fight recklessly!
You barely miss the jackal. The jackal barely misses you.
You hit the jackal.
The jackal is severely wounded.
You hit the jackal.
You kill the jackal!
The jackal closely misses you.
You hit the jackal.
The jackal is heavily wounded.
The jackal bites you but does no damage.
You closely miss the jackal.
The jackal is heavily wounded.
The jackal completely misses you.
The jackal bites you but does no damage.
You closely miss the jackal.
The jackal is heavily wounded.
The jackal bites you.
Damage: -2%(-1hp) hp: 58%(24hp)
You closely miss the jackal.
The jackal is moderately wounded.
The jackal closely misses you.
You hit the jackal.
The jackal is severely wounded.
The jackal barely misses you. The jackal bites you.
Damage: -3%(-1hp) hp: 55%(23hp)
You miss the jackal.
The jackal is severely wounded.
The jackal bites you but does no damage.
You hit the jackal.
The jackal is almost dead.
The jackal bites you but does no damage.
The jackal barely misses you.
You barely miss the jackal.
The jackal is almost dead.
The jackal barely misses you.
You hit the jackal.
You kill the jackal!
You see here a bolt.
e - 34 bolts (gained 1)
You see here a bolt.
e - 35 bolts (gained 1)
Found a ration.
You see here a bolt.
e - 36 bolts (gained 1)
Found a leather armour.
You see here a ration {!d}.
d - 2 rations {!d} (gained 1) Wield which item (- for none, * to show all)? (? for menu, Esc to quit)
w - a +0 hand crossbow (weapon)
Found 18 stones.
A centaur comes into view.
Found a robe.
You see here 18 stones.
Found a leatherbound book and 3 curare-tipped needles.
Unknown command.
Unknown command.
A slave comes into view.
The slave shouts!
You hear a shout!
The centaur closely misses you.
The centaur hits you but does no damage.
You see here a book of Battle.
Firing (i - inventory)
e - 36 bolts (quivered)
Press: ? - help, Shift-Dir - straight line, f - centaur
Aim: a centaur You shoot a bolt.
The bolt hits the centaur.
The centaur is moderately wounded.
The centaur hits you!
* * * LOW HITPOINT WARNING * * *
The centaur barely misses you.
Huge Dmg: -17%(-7hp) hp: 48%(20hp) Firing (i - inventory)
e - 35 bolts (quivered)
Press: ? - help, Shift-Dir - straight line, f/p - centaur
Aim: a centaur (moderately wounded)
You shoot a bolt. The bolt hits the centaur.
The centaur is heavily wounded.
The centaur hits you!
* * * LOW HITPOINT WARNING * * *
The centaur hits you!
* * * LOW HITPOINT WARNING * * *
A jackal comes into view.
Huge Dmg: -36%(-15hp) hp: 12%(5hp)
You aren't carrying any items that you can evoke.
Unknown command.
Okay, then.
Unknown command.
Firing (i - inventory)
e - 34 bolts (quivered)
Press: ? - help, Shift-Dir - straight line, f/p - centaur
Aim: a centaur (moderately wounded)
You shoot a bolt. The bolt completely misses the centaur.
The centaur closely misses you. The centaur hits you.
* * * LOW HITPOINT WARNING * * *
A slave comes into view.
Really quaff
b - a potion of haste {!q}?
You feel yourself speed up. The centaur hits you.
* * * LOW HITPOINT WARNING * * *
The centaur hits you.
You die...

#. #.# ... . #. #.#####
#..#.# .. #.#...#
.....# .. #.#...#
..#..## #.
#.#...#####h......
..#..#.#...##.(........
#.............#...#[.#
###.##.....####..## #
#.....#..@..#
#[#.....cp...p.#
#.#........###...
......#....# #.#
.......#..... #
.#..###.#....(. .⌠
.#...... ...####.


You could see 2 slaves, a centaur and a jackal.

Vanquished Creatures
  A scorpion (D:4)
  A hound (D:4)
  A bullfrog skeleton (D:4)
  A worker ant (D:4)
  2 adders
  An ooze (D:3)
  2 worms (D:2)
  A dart slug (D:4)
  A leopard gecko (D:3)
  An orc (D:4)
  A giant cockroach (D:2)
  2 goblins
  A hobgoblin (D:2)
  2 jackals (D:5)
  A quokka (D:5)
  A ball python (D:4)
  A quokka skeleton (D:5)
  2 rats
23 creatures vanquished.

Notes
Turn   | Place    | Note
-------+----------+-------------------------------------------
     0 | D:1      | dstrtnsr the Merfolk Wanderer began the quest for the Orb.
     0 | D:1      | dstrtnsr set off with: a +2 dagger, a potion of haste {!q}, a +0 ring mail, a +0 hand crossbow, 26 bolts, a ration {!d}
     0 | D:1      | Reached XP level 1. HP: 18/18 MP: 1/1
    55 | D:2      | Reached XP level 2. HP: 24/25 MP: 2/2
    62 | D:2      | Reached skill level 1 in Unarmed Combat
   115 | D:3      | Reached XP level 3. HP: 30/30 MP: 3/3
   206 | D:3      | Reached skill level 2 in Unarmed Combat
   212 | D:4      | Noticed a scorpion
   218 | D:4      | Killed a scorpion
   218 | D:4      | Reached skill level 3 in Unarmed Combat
   218 | D:4      | Reached XP level 4. HP: 32/37 MP: 4/4
   303 | D:4      | Reached skill level 4 in Unarmed Combat
   314 | D:4      | Reached XP level 5. HP: 40/42 MP: 5/5
   340 | D:4      | HP: 16/42 [bullfrog skeleton (6)]
   341 | D:4      | Reached skill level 5 in Unarmed Combat
   432 | D:5      | Entered Level 5 of the Dungeon
   528 | D:5      | Noticed a centaur
   537 | D:5      | Noticed a slave
   539 | D:5      | HP: 12/42 [centaur (8)]
   539 | D:5      | HP: 5/42 [centaur (7)]
   541 | D:5      | Noticed a slave
   541 | D:5      | HP: 1/42 [centaur (4)]
   541 | D:5      | Slain by a centaur

Vault maps used:
D:1:      dpeg_arrival_pits, xom_teletrap_fun
D:2:      okawaru_trees_2, uniq_robin, uniq_sigmund
D:3:      first_ration, uniq_grinder
D:4:      kennysheep_the_goblin_king
D:5:      serial_shops, shop_fountains, hangedman_decor_growths, uniq_pikel,
          uniq_eustachio, uniq_duvessa

Skill      XL: |  1  2  3  4  5 |
---------------+----------------+-----
Unarmed Combat | 1 3 4 5 |  5.1
Fighting       | 4 |  4.0
Crossbows      | |  1.5
Throwing       | |  1.0
Armour         | |  1.3
Stealth        | |  2.1

Action                   |  1- 3 |  4- 6 || total
-------------------------+-------+-------++-------
Melee: Dagger            |     4 |    20 ||    24
       Punch             |       |     1 ||     1
 Fire: Hand crossbow     |    38 |    28 ||    66
  Use: Potion            |       |     1 ||     1
Armor: Ring mail         |     3 |     7 ||    10
Dodge: Dodged            |     6 |    18 ||    24

Table legend:
 A = Spawn XP
 B = Non-spawn XP
 C = Spawn XP percentage of total XP
 D = Spawn monster count
 E = Non-spawn monster count
 F = Spawn count percentage of total count
 G = Total turns spent on level
                    A         B        C        D         E        F      G
               +---------+---------+-------+---------+---------+-------+---------
         Total |       0 |     255 |   0.0 |       0 |      23 |   0.0 |   541
               +---------+---------+-------+---------+---------+-------+---------
           D:2 |       0 |      30 |   0.0 |       0 |       7 |   0.0 |   104
           D:3 |       0 |      13 |   0.0 |       0 |       4 |   0.0 |   103
           D:4 |       0 |     205 |   0.0 |       0 |       8 |   0.0 |   255
           D:5 |       0 |       7 |   0.0 |       0 |       4 |   0.0 |    74
               +---------+---------+-------+---------+---------+-------+---------
